 Dungeon Crawl Stone Soup version 0.19.4-9-g45fd643 (webtiles) character file.

56 vatarom the Gusty (level 3, 0/26 HPs)
             Began as a Draconian Air Elementalist on Feb 22, 2017.
             Slain by Crazy Yiuf
             ... wielding a +3 quarterstaff of chaos
              (11 damage)
             ... on level 2 of the Dungeon.
             The game lasted 00:06:30 (1949 turns).

vatarom the Gusty (Draconian Air Elementalist)      Turns: 1949, Time: 00:06:30

Health: 0/26       AC:  5    Str: 10    XL:     3   Next: 69%
Magic:  1/6        EV: 12    Int: 16    God:
Gold:   40         SH:  0    Dex: 11    Spells: 3 memorised, 1 level left

rFire  . . .     SeeInvis .     g - +0 short sword
rCold  . . .     Gourm    .     (armour unavailable)
rNeg   . . .     Faith    .     (no shield)
rPois  .         Spirit   .     (helmet restricted)
rElec  .         Reflect  .     (no cloak)
rCorr  .         Harm     .     (no gloves)
MR     .....                    (no boots)
Stlth  ++........               (no amulet)
                                (no ring)
                                (no ring)

@: sluggish, repel missiles, drained, very slow
A: unfitting armour, cold-blooded, AC +5
a: no special abilities


You were on level 2 of the Dungeon.
You were hungry.

You visited 1 branch of the dungeon, and saw 2 of its levels.

You collected 40 gold pieces.

Inventory:

Hand Weapons
 g - a +0 short sword (weapon)
Scrolls
 e - 5 scrolls of identify
 f - 2 scrolls of remove curse
Potions
 d - a potion of flight
Books
 a - a book of Air

   Spells                             Type                      Level
   a - Shock                          Conjuration/Air              1
   b - Swiftness                      Charms/Air                   2
   c - Repel Missiles                 Charms/Air                   2
   d - Static Discharge               Conjuration/Air              3
   e - Lightning Bolt                 Conjuration/Air              5
Comestibles
 b - 3 bread rations
 c - 2 meat rations
 h - a slice of pizza


   Skills:
 - Level 1.7(1.4) Dodging
 - Level 1.7(1.4) Stealth
 - Level 2.0(1.6) Spellcasting
 - Level 1.0(0.7) Conjurations
 + Level 4.7(4.3) Air Magic


You had one spell level left.
You knew the following spells:

 Your Spells              Type           Power        Failure   Level  Hunger
a - Shock                 Conj/Air       #...         10%         1    ##.....
b - Repel Missiles        Chrm/Air       #.....       14%         2    ###....
c - Swiftness             Chrm/Air       #.......     14%         2    ###....


Dungeon Overview and Level Annotations

Branches:
Dungeon (2/15)

Altars:

Annotations:
D:2 Crazy Yiuf


Innate Abilities, Weirdness & Mutations

Your plain brown scales are hard. (AC +5)
You cannot fit into any form of body armour.
You are cold-blooded and may be slowed by cold attacks.


Message History

Crazy Yiuf cries, "Goober childish wrapper!"
You start to feel a little slower.
You feel sluggish.
Casting: Swiftness
Confirm with . or Enter, or press ? or * to list all spells.
Aiming: Shock
Press: ? - help, Shift-Dir - straight line, f - Crazy Yiuf
Aim: Crazy Yiuf, wielding a quarterstaff of chaos and wearing an embroidered cloak (heavily wounded)
The zap hits Crazy Yiuf.
Crazy Yiuf appears unharmed.
Crazy Yiuf is heavily wounded.
Casting: Shock
Confirm with . or Enter, or press ? or * to list all spells.
Aiming: Shock
Press: ? - help, Shift-Dir - straight line, f/p - Crazy Yiuf
Aim: Crazy Yiuf, wielding a quarterstaff of chaos and wearing an embroidered cloak (heavily wounded)
The zap misses Crazy Yiuf.
You start to feel a little faster.
Crazy Yiuf says, "Action!"
Crazy Yiuf hits you with a quarterstaff of chaos!
You die...

♣PgP♣♣ #.#
♣.PP♣ #.#
♣♣.♣♣ #.# ♣.♣♣
#.# ♣♣.♣ #.#
♣g♣♣ #.# ♣♣.♣
#.# #'#
#.######## ...
#..g@)...# ###
#...#
##.......# ..#
#..)#
#..####..##
..# ##### ####
##...# ..#
#....#
..############
#..#.#
.....#.>.....#
##..#.###
.....#.......#
#...#...#
.....#.......#
#.#.###.#


You could see Crazy Yiuf.

Vanquished Creatures
  2 adders (D:2)
  2 dart slugs
  7 bats
  2 giant cockroaches (D:1)
  2 goblins
  5 hobgoblins
  3 jackals (D:2)
  A ball python (D:2)
  A frilled lizard (D:1)
  6 kobolds
  4 rats
  A fungus (D:2)
36 creatures vanquished.

Notes
Turn   | Place    | Note
-------+----------+-------------------------------------------
     0 | D:1      | vatarom the Draconian Air Elementalist began the quest for the Orb.
     0 | D:1      | Reached XP level 1. HP: 14/14 MP: 3/3
   443 | D:1      | Reached XP level 2. HP: 20/20 MP: 3/5
   645 | D:1      | Learned a level 2 spell: Repel Missiles
   648 | D:1      | Learned a level 2 spell: Swiftness
   838 | D:1      | Reached skill level 4 in Air Magic
  1129 | D:2      | Reached XP level 3. HP: 26/26 MP: 0/6
  1893 | D:2      | Found a runed door.
  1917 | D:2      | Noticed Crazy Yiuf
  1949 | D:2      | Slain by Crazy Yiuf

Skill      XL: |  1  2 |
---------------+-------+-----
Air Magic      | 4 |  4.7
Dodging        | |  1.7
Stealth        | |  1.7
Spellcasting   | |  2.0
Conjurations   | |  1.0

Action                   || total
-------------------------++-------
Melee: Unarmed           ||    15
       Tailslap          ||     9
       Short sword       ||    45
 Cast: Shock             ||    63
       Repel Missiles    ||     2
       Swiftness         ||     1
  Use: Scroll            ||     5
       Potion            ||     1
  Eat: Chunk             ||     4
Armor: Skin              ||    27
Dodge: Dodged            ||    46
       Deflected         ||     1
